 Seeded DCSS version 0.30-a0-1008-g30c9307041 (webtiles) character file.

Game seed: 11102620259484189478 (custom seed)

30 retardedninja the Trooper (level 3, -1/34 HPs)
             Began as a Naga Fighter on Apr 5, 2023.
             Slain by a gnoll
             ... wielding a +0 club
             ... led by a gnoll bouda
              (2 damage)
             ... on level 2 of the Dungeon.
             The game lasted 00:01:18 (839 turns).

retardedninja the Trooper (Naga Fighter)             Turns: 839, Time: 00:01:19

Health: -1/34      AC: 12    Str: 20    XL:     3   Next: 18%
Magic:  3/3        EV:  5    Int:  8    God:
Gold:   1250       SH:  4    Dex: 13    Spells: 2/2 levels left

rFire   . . .      SeeInvis +    a - +0 war axe
rCold   . . .      Faith    .    c - +0 buckler
rNeg    . . .      Spirit   .    b - +0 scale mail
rPois   +          Reflect  .    (no helmet)
rElec   .          Rampage  .    (no cloak)
rCorr   +                        e - +0 pair of gloves
Will    .....                    i - +2 barding of Egauqoli {+Inv rCorr Dex+3} Stlth
                                 (no amulet)
HPRegen 0.25/turn                (no ring)
MPRegen 0.08/turn                (no ring)

@: very slow
A: AC +1, large, see invisible, deformed body, poison resistance, slowness 2,
spit poison 1, naga tail 1
a: Spit Poison, Evoke Invisibility


You were on level 2 of the Dungeon.
You visited 1 branch of the dungeon, and saw 2 of its levels.

You collected 1250 gold pieces.

Inventory:

Hand Weapons
 a - a +0 war axe (weapon)
Armour
 b - a +0 scale mail (worn)
 c - a +0 buckler (worn)
 e - a +0 pair of gloves (worn)
 i - the +2 barding of Egauqoli (worn) {+Inv rCorr Dex+3}
   (You acquired it on level 1 of the Dungeon)

   Dex:       It affects your dexterity (+3).
   +Inv:      It lets you turn invisible.
   rCorr:     It protects you from acid and corrosion.
Scrolls
 g - a scroll of noise {unknown}
Potions
 d - a potion of might
 h - 2 potions of magic {unknown}


   Skills:
 + Level 3.2 Fighting
 * Level 2.7 Axes
 + Level 2.6 Armour
 + Level 2.9 Shields


You had 2 spell levels left.
You didn't know any spells.
Your spell library was empty.

Dungeon Overview and Level Annotations

Branches:
Dungeon (2/15)

Altars:


Innate Abilities, Weirdness & Mutations

Your serpentine skin is tough. (AC +1)
You have supernaturally acute eyesight. (SInv)
Armour fits poorly on your strangely shaped body.
Your system is resistant to poisons. (rPois)
You cover ground very slowly.
You can spit poison.
You have a snake-like lower body.


Message History

There are monsters nearby!
There are monsters nearby!
A gnoll comes into view. It is wielding a +0 whip.
The gnoll shouts!
The gnoll hits you from afar with a +0 spear.
You block the gnoll's attack. The gnoll attacks as you move away!
The gnoll hits you with a +0 club. The gnoll hits you but does no damage.
The gnoll throws a throwing net.
The throwing net hits you.
You become entangled in the net!
A dart slug comes into view.
The gnoll hits you from afar with a +0 spear.
The gnoll barely misses you.
You see here a throwing net.
You struggle against the net.
The gnoll hits you but does no damage. x2
You tear a large gash into the net.
The gnoll hits you from afar with a +0 spear.
The gnoll bouda barks out a call to the hunt!
The gnolls pick up the pace!
The gnoll barely misses you. The gnoll hits you but does no damage.
You struggle against the net.
The gnoll barely misses you. The gnoll completely misses you.
You struggle against the net.
The gnoll hits you with a +0 club. x2
The gnoll hits you from afar with a +0 spear.
The gnoll barely misses you.
You rip the net and break free!
The gnoll completely misses you. The gnoll hits you with a +0 club.
* * * LOW HITPOINT WARNING * * *
The gnoll barely misses you.
The gnoll bouda hits you but does no damage.
The gnoll hits you from afar with a +0 halberd.
* * * LOW HITPOINT WARNING * * *
You hit the gnoll bouda but do no damage.
You hit the gnoll. x2; You block the gnoll's attack.
The gnoll hits you but does no damage.
The gnoll hits you from afar with a +0 halberd.
* * * LOW HITPOINT WARNING * * *
The gnoll bouda hits you with a +0 whip.
* * * LOW HITPOINT WARNING * * *
The gnoll hits you with a +0 club.
You die...

............#
............# ### ..
............# ##..# ...
............##....####.#
............#.. #......#.
...........##.###........
..†.†......##.##..#......
.##...####....#..g...#
.###..# ##.##).@g...#
....<.# #.......#g...#
###.#.......##.##gg..#
#.#...#......##gw.....
....#.#..##.###....###
.#.###.#.. .. #....#
#.#.# .#>##.# ...... .
#.# #. ##..... . #.#


You could see a gnoll bouda, 5 gnolls and a dart slug.

Vanquished Creatures
  A worm (D:2)
  2 dart slugs
  A bat (D:1)
  An endoplasm (D:1)
  2 giant cockroaches
  3 hobgoblins (D:1)
  3 jackals (D:1)
  2 kobolds (D:1)
  2 ball pythons (D:1)
  A frilled lizard (D:1)
  2 rats
20 creatures vanquished.

Notes
Turn   | Place    | Note
-------+----------+-------------------------------------------
     0 | D:1      | retardedninja the Naga Fighter began the quest for the Orb.
     0 | D:1      | Reached XP level 1. HP: 21/21 MP: 1/1
   233 | D:1      | Reached XP level 2. HP: 28/28 MP: 2/2
   620 | D:1      | Identified 2 scrolls of acquirement
   620 | D:1      | Acquired the +2 barding of Egauqoli {+Inv rCorr Dex+3}
   622 | D:1      | Acquired 1176 gold pieces
   659 | D:2      | Reached XP level 3. HP: 19/34 MP: 3/3
   839 | D:2      | HP: 1/34 [gnoll bouda/+0 whip (2)]
   839 | D:2      | Slain by a gnoll

Illustrated notes

Levels and vault maps discovered:
D:1:      erik_arrival_triangle_large, layout_basic
D:2:      layout_rooms, nicolae_eternal_life

Action                     || total
---------------------------++-------
  Melee: War axe           ||    58
    Use: Scroll            ||     2
 Armour: Scale mail        ||    35
  Dodge: Dodged            ||    24
  Block: Buckler           ||    15

Table legend: (Time is in decaauts)
 A = Elapsed time spent in this place.
 B = Non-inter-level travel time spent in this place.
 C = Inter-level travel time spent in this place.
 D = Time resting spent in this place.
 E = Time spent auto-exploring this place.
 F = Levels seen in this place.
 G = Mean time per level.
                   A        B        C        D        E       F      G
               +--------+--------+--------+--------+--------+-----+--------+
         Total |   1076 |   1064 |     12 |    146 |    738 |   2 |  538.0 |
       Dungeon |   1076 |   1064 |     12 |    146 |    738 |   2 |  538.0 |
               +--------+--------+--------+--------+--------+-----+--------+

Top non-repeatable levels by time:
     D:1: 864 daAuts
     D:2: 211 daAuts
